 Dungeon Crawl Stone Soup version 0.28.0-53-g5a82cb258f (webtiles) character file.

Game seed: 12043372766155098359

2928 Zeld the Geomancer (level 9, -11/45 HPs)
             Began as a Gargoyle Earth Elementalist on June 14, 2022.
             Was an Initiate of Gozag.
             Mangled by Joseph
             ... wielding a +6 vorpal quarterstaff
              (18 damage)
             ... on level 8 of the Dungeon.
             The game lasted 00:10:35 (11675 turns).

Zeld the Geomancer (Gargoyle Earth Elementalist)   Turns: 11675, Time: 00:10:36

Health: -11/45     AC: 11    Str: 12    XL:     9   Next: 79%
Magic:  4/28       EV: 11    Int: 20    God:    Gozag
Gold:   117        SH:  0    Dex: 10    Spells: 11/21 levels left

rFire   . . .      SeeInvis .   a - +3 whip
rCold   . . .      Faith    .   (no shield)
rNeg    + . .      Spirit   .   b - +0 robe
rPois   ∞          Reflect  .   t - +0 helmet
rElec   +          Harm     .   n - +1 cloak
rCorr   .          Rampage  .   (no gloves)
Will    .....                   (no boots)
Stlth   ++........              (no amulet)
HPRegen 0.15/turn               u - ring of flight
MPRegen 0.21/turn               w - ring of magical power

@: flying
A: sickness immunity, AC +6, negative energy resistance 1, electricity
resistance, torment resistance 1, petrification resistance
a: Renounce Religion, Potion Petition, Call Merchant, Bribe Branch


You were on level 8 of the Dungeon.
You worshipped Gozag.
Gozag was aware of your devotion.
You visited 2 branches of the dungeon, and saw 9 of its levels.
You also visited: Ossuary.

You collected 911 gold pieces.
You paid 794 gold pieces to Gozag.

Inventory:

Hand Weapons
 a - a +3 whip (weapon)
 v - a +0 morningstar
Missiles
 k - 171 stones
 l - 16 poisoned darts
Armour
 b - a +0 robe (worn)
 n - a +1 cloak (worn)
 t - a +0 helmet (worn)
Jewellery
 u - a ring of flight (left hand)
 w - a ring of magical power (right hand)
Wands
 o - a wand of mindburst (10)
 r - a wand of digging (7)
Scrolls
 d - 3 scrolls of immolation {unknown}
 e - 2 scrolls of teleportation {unknown}
 f - 7 scrolls of identify {unknown}
 m - 3 scrolls of torment {unknown}
 y - a scroll of noise {unknown}
Potions
 c - 4 potions of magic {unknown}
 g - 2 potions of might {unknown}
 h - a potion of brilliance {unknown}
 i - 2 potions of resistance {unknown}
 j - 5 potions of curing {unknown}
 p - a potion of haste {unknown}
 q - 2 potions of degeneration {unknown}
 s - a potion of invisibility {unknown}
 x - a potion of heal wounds {unknown}
 z - a potion of cancellation {unknown}
 A - a potion of ambrosia {unknown}


   Skills:
 * Level 4.4 Maces & Flails
 - Level 1.5 Dodging
 - Level 2.1 Stealth
 + Level 6.7 Spellcasting
 * Level 7.5 Conjurations
 - Level 2.0 Transmutations
 + Level 9.2 Earth Magic


You had 11 spell levels left.
You knew the following spells:

 Your Spells              Type           Power      Damage    Failure   Level
a - Sandblast             Erth           86%        2d18      1%          1
b - Passwall              Tmut/Erth      24%        N/A       1%          2
c - Stone Arrow           Conj/Erth      80%        3d12      1%          3
d - Petrify               Tmut/Erth      29%        N/A       10%         4

Your spell library contained the following spells:

 Spells                   Type           Power      Damage    Failure   Level
 Summon Small Mammal      Summ           24%        N/A       10%         1
 Blink                    Tloc           12%        N/A       14%         2
 Animate Armour           Summ/Erth      50%        N/A       14%         4
 Call Canine Familiar     Summ           6%         N/A       28%         3
 Lesser Beckoning         Tloc           6%         N/A       28%         3
 Summon Guardian Golem    Hex/Summ       6%         N/A       28%         3
 Manifold Assault         Tloc           6%         N/A       95%         5
 Lehudib's Crystal Spear  Conj/Erth      20%        10d6      100%        8


Dungeon Overview and Level Annotations

Branches:
Dungeon (8/15)             Temple (1/1) D:4         Ossuary (visited)
   Lair: D:8-11

Altars:
Ashenzari
Cheibriados
Dithmenos
Elyvilon
Fedhas
Gozag
Kikubaaqudgha
Makhleb
Nemelex Xobeh
Okawaru
Qazlal
Ru
Sif Muna
Trog
Wu Jian
Xom
Yredelemnul
Zin
The Shining One

Shops:
D:4 *   D:8 *[

Annotations:
D:8 Joseph


Innate Abilities, Weirdness & Mutations

You are immune to sickness and miasma.
Your stone body is resilient. (AC +6)
You are immune to poison.
You resist negative energy. (rN+)
You are resistant to electric shocks. (rElec)
You are resistant to unholy torment.
You are immune to petrification.


Message History

You see here a +0 spear.
The orc is distracted by your dazzling golden aura.
You start resting.
Joseph is nearby!
Joseph is nearby!
Joseph is nearby!
Joseph is nearby!
Joseph shoots a sling bullet.
The sling bullet hits you but does no damage.
You start resting.
Joseph is nearby!
Joseph is nearby!
Joseph unwields a +0 hunting sling.
Joseph wields a +6 vorpal quarterstaff.
Joseph barely misses you.
Casting: Stone Arrow (safe; 1% risk of failure)
Confirm with . or Enter, or press ? or * to list all spells.
Aiming: Stone Arrow (safe; 1% risk of failure)
Press: ? - help, Shift-Dir - straight line, f - Joseph
Aim: Joseph, wielding a +6 vorpal quarterstaff, wearing a +0 ring mail and quivering sling bullets (moderately wounded, 79% to hit)
The stone arrow hits Joseph!!
Joseph is severely wounded.
Joseph hits you with a +6 vorpal quarterstaff!
Casting: Stone Arrow (safe; 1% risk of failure)
Confirm with . or Enter, or press ? or * to list all spells.
Aiming: Stone Arrow (safe; 1% risk of failure)
Press: ? - help, Shift-Dir - straight line, f/p - Joseph
Aim: Joseph, wielding a +6 vorpal quarterstaff, wearing a +0 ring mail and quivering sling bullets (severely wounded, 79% to hit)
The stone arrow misses Joseph.
Joseph hits you with a +6 vorpal quarterstaff!!
* * * LOW HITPOINT WARNING * * *
x2
Casting: Stone Arrow (safe; 1% risk of failure)
Confirm with . or Enter, or press ? or * to list all spells.
Aiming: Stone Arrow (safe; 1% risk of failure)
Press: ? - help, Shift-Dir - straight line, f/p - Joseph
Aim: Joseph, wielding a +6 vorpal quarterstaff, wearing a +0 ring mail and quivering sling bullets (severely wounded, 79% to hit)
The stone arrow hits Joseph!
Joseph is almost dead.
Joseph hits you with a +6 vorpal quarterstaff!!
You die...
Your body crumbles into a pile of gold.

..≈....∩...#
..≈..#...###
#.≈.###.## ##≈ ##..#
#.# #.## #.# ###.##
#.# ###....# #.#
#.####.#
##.#####.####@#
###...##......@.#
##......#o#.###..#
..........#.###..#
##o##.#####......###
##.##.# #####...∩#
.o.##.# ####.#
#####'## #.# ##...##
#.#


You could see Joseph and an orc (wandering).

Vanquished Creatures
  Maggie (D:6)
  Eustachio (D:5)
  A steam dragon (D:7)
  A water moccasin (D:8)
  2 orc warriors
  A sky beast (D:6)
  A necrophage (D:8)
  An ogre (D:5)
  A centaur (D:7)
  A phantom (D:5)
  An elf zombie (Ossuary)
  A kobold brigand (D:7)
  2 bullfrogs
  A wyvern zombie (D:6)
  A scorpion (D:6)
  A wyvern skeleton (D:6)
  2 water moccasin skeletons
  2 howler monkeys
  3 centaur zombies (Ossuary)
  2 bullfrog zombies (D:6)
  6 jellies
  2 hounds
  2 human zombies (Ossuary)
  3 orc priests
  A bullfrog skeleton (D:4)
  Jessica (D:2)
  3 iguanas
  6 orc wizards
  A killer bee zombie (D:7)
  A hound zombie (D:5)
  2 mummies (Ossuary)
  A gnoll (D:1)
  A howler monkey skeleton (D:2)
  6 adders
  2 white imps (D:7)
  A dart slug (D:3)
  4 worms
  22 orcs
  3 bats
  4 endoplasms
  2 giant cockroaches (D:4)
  6 goblins
  9 hobgoblins
  2 jackals (D:1)
  3 quokkas
  4 ball pythons
  2 frilled lizards
  3 goblin zombies
  8 hobgoblin zombies (Ossuary)
  A jackal zombie (Ossuary)
  6 kobolds
  8 kobold zombies (Ossuary)
  11 orc zombies (Ossuary)
  3 rats
  2 rat zombies (Ossuary)
169 creatures vanquished.

Vanquished Creatures (others)
  A quokka (D:5)
1 creature vanquished.

Grand Total: 170 creatures vanquished

Notes
Turn   | Place    | Note
-------+----------+-------------------------------------------
     0 | D:1      | Zeld the Gargoyle Earth Elementalist began the quest for
                  | the Orb.
     0 | D:1      | Reached XP level 1. HP: 10/10 MP: 3/3
    17 | D:1      | Reached skill level 1 in Transmutations
    17 | D:1      | Reached XP level 2. HP: 15/15 MP: 0/5
   107 | D:1      | Learned a level 2 spell: Passwall
   792 | D:2      | Reached skill level 4 in Earth Magic
   792 | D:2      | Reached XP level 3. HP: 17/19 MP: 3/6
   796 | D:2      | Learned a level 3 spell: Stone Arrow
  1732 | D:3      | Reached XP level 4. HP: 22/24 MP: 4/8
  1784 | D:4      | Reached skill level 5 in Earth Magic
  1784 | D:4      | Reached XP level 5. HP: 28/28 MP: 4/9
  1959 | D:4      | Found Qoprent's Lightly-Used Armoury.
  2049 | D:4      | Found a sand-covered staircase.
  2082 | Ossuary  | Entered an ossuary
  2371 | Ossuary  | Reached XP level 6. HP: 22/32 MP: 7/11
  2378 | Ossuary  | Reached skill level 6 in Earth Magic
  2548 | Ossuary  | Reached XP level 7. HP: 21/36 MP: 0/13
  2567 | Ossuary  | Learned a level 4 spell: Petrify
  3835 | D:4      | Found a staircase to the Ecumenical Temple.
  4102 | Temple   | Entered the Ecumenical Temple
  4190 | Temple   | Became a worshipper of Gozag Ym Sagoz the Greedy
  4408 | D:4      | Reached skill level 7 in Earth Magic
  5842 | D:2      | Noticed Jessica
  5847 | D:2      | Killed Jessica
  5848 | D:2      | Reached skill level 1 in Conjurations
  5998 | D:3      | Found a faded altar of an unknown god.
  6010 | D:3      | Reached skill level 5 in Spellcasting
  7345 | D:5      | Entered Level 5 of the Dungeon
  7345 | D:5      | Found a shadowy altar of Dithmenos.
  7754 | D:5      | Found a white marble altar of Elyvilon.
  7807 | D:5      | Noticed Eustachio
  7853 | D:5      | Killed Eustachio
  7854 | D:5      | Reached XP level 8. HP: 34/41 MP: 2/16
  8275 | D:5      | Reached skill level 8 in Earth Magic
  8643 | D:6      | Reached skill level 5 in Conjurations
  8659 | D:6      | Found a glowing silver altar of Zin.
  9356 | D:6      | Reached skill level 1 in Maces & Flails
  9419 | D:6      | Found a basalt altar of Yredelemnul.
  9465 | D:6      | Found a burning altar of Makhleb.
  9465 | D:6      | Noticed Maggie
  9470 | D:6      | Reached XP level 9. HP: 45/45 MP: 17/18
  9473 | D:6      | Killed Maggie
  9760 | D:6      | Found a shimmering blue altar of Sif Muna.
 10088 | D:7      | Noticed a two-headed ogre
 10558 | D:7      | Found a sparkling altar of Nemelex Xobeh.
 10724 | D:7      | Found a snail-covered altar of Cheibriados.
 10732 | D:7      | Reached skill level 9 in Earth Magic
 11162 | D:8      | Found Essaek's Gadget Gallery.
 11624 | D:8      | Noticed Joseph
 11675 | D:8      | Mangled by Joseph

Illustrated notes

Levels and vault maps discovered:
D:1:      sevenhm_arrival_forest_fort_small_3, layout_basic,
          minmay_misc_feat_square, roderic_three_in_a_row, nrook_loot_triangle
D:2:      layout_basic, uniq_jessica
D:3:      cheibrodos_pilgrimage, layout_loops_corners,
          ebering_ecumenical_altar_hall
D:4:      layout_layer_cave, minmay_temple_entry_glassed_door, enter_ossuary_4,
          minmay_shop_damaged
D:5:      layout_cave_pools, elyvilon_altar_4, old_standard_altar,
          uniq_eustachio
D:6:      layout_loops_ring, general_overflow_altar, kennysheep_mini,
          lemuel_zombie_altar_yredelemnul, lightli_temple_of_fire,
          nicolae_elevator_lobby_plus, uniq_maggie
D:7:      layout_rooms, mainiacjoe_overflow_paths,
          mainiacjoe_overflow_six_doors_small
D:8:      layout_loops_corners, nicolae_overflow_crystal_walls,
          kennysheep_mini_moat, serial_rivers, chequers_serial_rivers_micro_a,
          chequers_serial_rivers_large_a, chequers_serial_rivers_micro_a,
          chequers_serial_rivers_room_b, nicolae_shop_gadgets, uniq_joseph
Temple:   minmay_temple_curvy_loop

Skill      XL: |  1  2  3  4  5  6  7  8  9 |
---------------+----------------------------+-----
Transmutations | 1 2 |  2.0
Earth Magic    | 4 5 6 7 8 9 |  9.2
Spellcasting   | 3 4 5 6 |  6.7
Conjurations   | 3 6 7 |  7.5
Maces & Flails | 1 4 |  4.4
Dodging        | |  1.5
Stealth        | |  2.1

Action                   |  1- 3 |  4- 6 |  7- 9 || total
-------------------------+-------+-------+-------++-------
Melee: Unarmed           |     6 |       |       ||     6
       Dagger            |     7 |    24 |   118 ||   149
       Whip              |       |       |    14 ||    14
 Cast: Sandblast         |    44 |    68 |    38 ||   150
       Stone Arrow       |       |       |   110 ||   110
       Petrify           |       |       |     2 ||     2
Invok: Call Merchant     |       |       |     1 ||     1
 Stab: Sleeping          |       |     1 |     3 ||     4
Armor: Robe              |    19 |    28 |    67 ||   114
Dodge: Dodged            |    13 |    28 |    92 ||   133
